 Dungeon Sprint DCSS version 0.18-b1-18-g7758cf2 (webtiles) character file.

303 Kidiri the Covert (level 6, -10/32 HPs)
             Began as a Spriggan Enchanter on May 2, 2016.
             Was an Initiate of Dithmenos.
             Mangled by a spatial vortex (21 damage)
             ... in the Dungeon (Sprint III: "The Ten Rune Challenge").
             The game lasted 00:02:26 (356 turns).

Kidiri the Covert (Spriggan Enchanter)               Turns: 356, Time: 00:02:27

Health: -10/32     AC:  4    Str:  4    XL:     6   Next: 15%
Magic:  2/16       EV: 24    Int: 17    God:    Dithmenos [......]
Gold:   26         SH:  0    Dex: 18    Spells: 5 memorised, 6 levels left

rFire  . . .     SeeInvis +     a - +1 dagger
rCold  . . .     Gourm    .     b - +1 robe
rNeg   . . .     Faith    .     (shield restricted)
rPois  .         Spirit   .     (helmet restricted)
rElec  .         Dismiss  .     m - +0 cloak (curse)
rCorr  .         Reflect  .     (gloves unavailable)
SustAt .         Harm     .     (boots unavailable)
MR     +....     NoTele   +     (no amulet)
Stlth  +++++.....               (no ring)
                                (no ring)

@: very quick, somewhat resistant to hostile enchantments, quite stealthy
A: unfitting armour, see invisible, herbivore 3, speed 3, slow metabolism 2
a: Renounce Religion


You were in the Dungeon.
You worshipped Dithmenos.
Dithmenos was noncommittal.
You were not hungry.

You visited 1 branch You collected 26 gold pieces.

Inventory:

Hand Weapons
 a - a +1 dagger (weapon)
Armour
 b - a +1 robe (worn)
 m - a cursed +0 cloak (worn)
Wands
 l - a wand of random effects (19/48)
Scrolls
 j - a scroll of blinking
 o - 2 scrolls of immolation {unknown}
 s - a scroll of remove curse {unknown}
Potions
 e - 2 potions of curing
 f - 2 potions of heal wounds
 g - a potion of haste
 h - 2 potions of magic
 i - a potion of berserk rage
 n - 2 potions of mutation
 r - a potion of might
 u - a potion of flight
Books
 c - a book of Maledictions

   Spells                             Type                      Level
   a - Corona                         Hexes                        1
   b - Ensorcelled Hibernation        Hexes/Ice                    2
   c - Confuse                        Hexes                        3
   d - Tukima's Dance                 Hexes                        3
   e - Dazzling Spray                 Conjuration/Hexes            3
Comestibles
 d - a bread ration
 q - 2 fruits
 t - 2 royal jellies


   Skills:
 + Level 2.5 Fighting
 * Level 5.5 Short Blades
 + Level 2.5 Armour
 * Level 7.9 Dodging
 * Level 9.1 Stealth
 * Level 6.5 Spellcasting
 + Level 1.9 Conjurations
 + Level 5.6 Hexes
 + Level 2.2 Ice Magic
 + Level 0.0 Invocations
 + Level 2.9 Evocations


You had 6 spell levels left.
You knew the following spells:

 Your Spells              Type           Power        Failure   Level  Hunger
a - Corona                Hex            ###....      1%          1    None
b - Ensorcelled Hibernat  Hex/Ice        ###...       3%          2    None
c - Confuse               Hex            ###.....     4%          3    ##.....
d - Tukima's Dance        Hex            ###.....     4%          3    ##.....
e - Dazzling Spray        Conj/Hex       ###.....     10%         3    ##.....


Dungeon Overview and Level Annotations

Branches:
Dungeon (1/1)

Altars:
Dithmenos
Gozag
Makhleb
Nemelex Xobeh
Pakellas
Qazlal
Ru
Xom
Jiyva
Lugonu


Innate Abilities, Weirdness & Mutations

You are tiny and cannot use many weapons and most armour.
You have supernaturally acute eyesight.
You are a herbivore.
You cover ground extremely quickly.
You need consume almost no food.


Message History

The spatial vortex is severely damaged.
There is a shadowy altar of Dithmenos here.
You barely miss the spatial vortex.
The spatial vortex is severely damaged.
You hit the spatial vortex.
The spatial vortex is severely damaged.
The spatial vortex hits you!!
Ouch! That really hurt!
* * * LOW HITPOINT WARNING * * *
You feel a strange sense of stasis.
Drink which item? (? for menu, Esc to quit)
You feel much better.
You hit the spatial vortex.
The spatial vortex is severely damaged.
The spatial vortex hits you!
You hit the spatial vortex but do no damage.
The spatial vortex is severely damaged.
The spatial vortex hits you! Space warps horribly around you!
Ouch! That really hurt!
You die...

...#####..#
....#..#..#
#...#..#..###+#+###+##
##..##+#..#..........#
##%.###...'.⌠........#
#..####...#...######'#
#..###....#.⌠.#__#...#
%..##.....#...#__#...#
...#......#+###_@#...#
.##.#..)..# #_v#...+
.#####....# #__'...#
▓▓ ▓▓▓▓▓▓ ▓▓▓▓▓▓▓▓


You could see a spatial vortex.

Vanquished Creatures
  A shadow (D)
  A water elemental (D)
  A jelly (D)
  Crazy Yiuf (D)
  A human (D)
  An ooze (D)
  3 rats (D)
9 creatures vanquished.

Vanquished Creatures (others)
  A draconian scorcher (D)
  A yaktaur (D)
2 creatures vanquished.

Grand Total: 11 creatures vanquished

Notes
Turn   | Place    | Note
--------------------------------------------------------------
     0 | D        | Kidiri the Spriggan Enchanter began the quest for the Orb.
     0 | D        | Reached XP level 1. HP: 9/9 MP: 5/5
    13 | D        | Reached skill level 5 in Stealth
    70 | D        | Noticed Crazy Yiuf
    73 | D        | Killed Crazy Yiuf
    73 | D        | Reached skill level 1 in Fighting
    73 | D        | Reached skill level 1 in Armour
    73 | D        | Reached skill level 6 in Stealth
    73 | D        | Reached XP level 2. HP: 14/14 MP: 6/8
    73 | D        | Reached XP level 3. HP: 18/18 MP: 6/9
    95 | D        | Learned a level 2 spell: Ensorcelled Hibernation
    99 | D        | Learned a level 3 spell: Confuse
   103 | D        | Learned a level 3 spell: Dazzling Spray
   112 | D        | Killed a yaktaur
   152 | D        | Reached skill level 5 in Dodging
   231 | D        | Killed a white draconian scorcher
   245 | D        | Noticed a water elemental
   248 | D        | Killed a water elemental
   248 | D        | Reached skill level 7 in Stealth
   248 | D        | Reached skill level 5 in Spellcasting
   248 | D        | Reached skill level 1 in Conjurations
   248 | D        | Reached skill level 1 in Ice Magic
   248 | D        | Reached XP level 4. HP: 23/23 MP: 10/12
   261 | D        | Learned a level 3 spell: Tukima's Dance
   267 | D        | Noticed a shadow
   269 | D        | Killed a shadow
   269 | D        | Reached skill level 5 in Short Blades
   269 | D        | Reached skill level 8 in Stealth
   269 | D        | Reached skill level 5 in Hexes
   269 | D        | Reached XP level 5. HP: 27/27 MP: 12/14
   269 | D        | Reached XP level 6. HP: 32/32 MP: 13/16
   278 | D        | Reached skill level 9 in Stealth
   333 | D        | Found an oddly glowing altar of Pakellas.
   333 | D        | Found a stormy altar of Qazlal.
   334 | D        | Found a sacrificial altar of Ru.
   334 | D        | Found a burning altar of Makhleb.
   334 | D        | Found a viscous altar of Jiyva.
   334 | D        | Found a shimmering altar of Xom.
   334 | D        | Found a shadowy altar of Dithmenos.
   334 | D        | Found a sparkling altar of Nemelex Xobeh.
   334 | D        | Found a corrupted altar of Lugonu.
   334 | D        | Found an opulent altar of Gozag.
   334 | D        | Noticed a spatial vortex
   338 | D        | Became a worshipper of Dithmenos the Shadowed
   356 | D        | Mangled by a spatial vortex

Skill      XL: |  1  2  3  4  5  6 |
---------------+-------------------+-----
Spellcasting   | 4 5 6 |  6.5
Stealth        | 6 7 8 9 |  9.1
Short Blades   | 2 4 5 |  5.5
Fighting       | 1 2 |  2.5
Armour         | 1 2 |  2.5
Dodging        | 4 6 7 |  7.9
Hexes          | 4 5 |  5.6
Conjurations   | 1 |  1.9
Ice Magic      | 1 2 |  2.2
Evocations     | 2 |  2.9

Action                   |  1- 3 |  4- 6 || total
-------------------------+-------+-------++-------
Melee: Dagger            |    17 |    10 ||    27
 Cast: Ensorcelled Hiber |     3 |     3 ||     6
       Corona            |     2 |       ||     2
       Dazzling Spray    |     1 |     5 ||     6
  Use: Scroll            |     5 |       ||     5
       Potion            |       |     1 ||     1
 Stab: Sleeping          |     7 |     2 ||     9
Armor: Robe              |     2 |     1 ||     3
Dodge: Dodged            |     7 |     4 ||    11
